[Event "Queen Rapid Challenge 2024"]
[Site "Bucharest"]
[Date "2024.03.10"]
[Round "6.2"]
[White "Obada, Ema"]
[Black "Hoanca, Alexia-Ioana"]
[Result "1-0"]
[ECO "B13"]
[WhiteElo "1976"]
[BlackElo "1849"]
[Annotator "RC"]
[PlyCount "108"]
[EventDate "2024.03.09"]
[EventType "rapid"]
[EventCountry "ROU"]
[SourceTitle "playchess.com"]
[Source "ChessBase"]
[SourceQuality "1"]
[TimeControl "900+10"]

1. e4 c6 2. d4 d5 3. exd5 cxd5 4. Bd3 Nc6 5. c3 Qc7 6. Na3 a6 7. Nc2 Nf6 8. h3 g6 9. Ne2 Bf5 10. Bf4 Qd7 11. O-O Bg7 12. Re1 O-O 13. Bxf5 gxf5 14. Ng3 Kh8 15. Re3 e6 16. Ne1 Ne7 17. Nd3 Ng6 18. Ne2 Nh5 19. Bh2 Bh6 20. Nc5 Qc6 21. Rd3 b6 22. Qa4 b5 23. Qc2 Rg8 24. Kh1 Nf6 25. f3 Nh5 26. Rdd1 Ngf4 27. Nxf4 Bxf4 28. Nd3 Bxh2 29. Kxh2 Qc7+ 30. Kh1 Rg3 31. Rd2 Rag8 32. Rg1 Qe7 33. Ne5 f6 34. Nd3 Qg7 35. Rf2 Qh6 36. Re1 Ng7 37. Qd2 Qh4 38. Qf4 Qxf4 39. Nxf4 Re8 40. Kh2 Rg5 41. h4 Nh5 42. Nxe6 Rgg8 43. Rfe2 Rc8 44. Nc5 Rc7 45. Re7 Rxe7 46. Rxe7 Nf4 47. g3 Nh5 48. Nxa6 Nxg3 49. Re1 f4 50. Nc7 Nf5 51. Nxd5 Nxh4 52. Rf1 Rg3 53. Nxf4 Rxf3 54. Rxf3 Nxf3+ 1-0

[Event "Queen Rapid Challenge 2024"]
[Site "Bucharest"]
[Date "2024.03.10"]
[Round "6.3"]
[White "Batagan, Ilinca-Petra"]
[Black "Ciolacu, Alessia-Mihaela"]
[Result "0-1"]
[ECO "C71"]
[WhiteElo "1915"]
[BlackElo "2175"]
[Annotator "RC"]
[PlyCount "62"]
[EventDate "2024.03.09"]
[EventType "rapid"]
[EventCountry "ROU"]
[SourceTitle "playchess.com"]
[Source "ChessBase"]
[SourceQuality "1"]
[TimeControl "900+10"]

1. e4 e5 2. Nf3 Nc6 3. Bb5 a6 4. Ba4 d6 5. d4 b5 6. Bb3 Nxd4 7. Nxd4 exd4 8. Qxd4 c5 9. Qd5 Be6 10. Qc6+ Bd7 11. Qd5 c4 12. Bxc4 bxc4 13. Qxc4 Nf6 14. O-O Bb5 15. Qd4 Bxf1 16. Kxf1 Be7 17. Nc3 O-O 18. Be3 Rb8 19. b3 Ng4 20. Nd5 Bf6 21. Nxf6+ Qxf6 22. Qxf6 Nxe3+ 23. fxe3 gxf6 24. c4 Rfe8 25. Rd1 Re6 26. Kf2 Kf8 27. Rd5 Ke7 28. Ra5 Rb6 29. Kf3 Re5 30. Rd5 Rxd5 31. exd5 a5 0-1

[Event "Queen Rapid Challenge 2024"]
[Site "Bucharest"]
[Date "2024.03.10"]
[Round "6.4"]
[White "Pirvulescu, Ekaterina"]
[Black "Maria, Lia-Alexandra"]
[Result "1-0"]
[ECO "B72"]
[WhiteElo "2091"]
[BlackElo "1996"]
[Annotator "ChessBase"]
[PlyCount "85"]
[EventDate "2024.03.09"]
[EventType "rapid"]
[EventCountry "ROU"]
[SourceTitle "playchess.com"]
[Source "ChessBase"]
[SourceQuality "1"]
[TimeControl "900+10"]

1. e4 c5 2. Nf3 d6 3. d4 Nf6 4. Nc3 cxd4 5. Nxd4 g6 6. Be3 h5 7. Be2 Bg7 8. O-O O-O 9. f4 Ng4 10. Bxg4 Bxg4 11. Qd2 Nc6 12. f5 gxf5 13. Nxf5 Ne5 14. Nxg7 Kxg7 15. Bh6+ Kh7 16. Bxf8 Qxf8 17. h3 Be6 18. Qg5 Qh6 19. Qxh6+ Kxh6 20. Nd5 Rc8 21. Rac1 Rc4 22. Nxe7 Rxe4 23. Nf5+ Kg6 24. Nxd6 Rb4 25. b3 Rb6 26. Rfd1 Nc6 27. c4 Nb4 28. a3 Nc6 29. b4 Ne5 30. c5 Ra6 31. Nxb7 Rxa3 32. c6 Rg3 33. Kh2 Rb3 34. c7 Rxb4 35. Nd6 Rb2 36. c8=Q Bxc8 37. Nxc8 a6 38. Ne7+ Kg5 39. Rc5 f6 40. Nc6 h4 41. Nxe5 fxe5 42. Rxe5+ Kf4 43. Ra5 1-0

[Event "Queen Rapid Challenge 2024"]
[Site "Bucharest"]
[Date "2024.03.10"]
[Round "6.5"]
[White "Raeva, Elitsa"]
[Black "Cosman, Andreea-Marioara"]
[Result "1-0"]
[ECO "A48"]
[WhiteElo "2185"]
[BlackElo "2115"]
[Annotator "RC"]
[PlyCount "53"]
[EventDate "2024.03.09"]
[EventType "rapid"]
[EventCountry "ROU"]
[SourceTitle "playchess.com"]
[Source "ChessBase"]
[SourceQuality "1"]
[TimeControl "900+10"]

1. d4 Nf6 2. Nf3 g6 3. e3 Bg7 4. Bd3 c5 5. O-O O-O 6. b3 b6 7. Bb2 Bb7 8. Nbd2 d6 9. Qe2 Nc6 10. a3 Qc7 11. c4 cxd4 12. exd4 d5 13. Rac1 Rac8 14. Rfe1 Qb8 15. c5 Rfe8 16. b4 e5 17. Nxe5 Nxe5 18. dxe5 Nd7 19. Nf3 bxc5 20. bxc5 Nxc5 21. Bb5 Red8 22. Rxc5 Rxc5 23. e6 Bxb2 24. exf7+ Kxf7 25. Ng5+ Kg7 26. Qe7+ Kh6 27. Nf7+ 1-0

[Event "Queen Rapid Challenge 2024"]
[Site "Bucharest"]
[Date "2024.03.10"]
[Round "6.6"]
[White "Sandu, Mihaela"]
[Black "Cosma, Elena-Luminita"]
[Result "0-1"]
[ECO "C14"]
[WhiteElo "2270"]
[BlackElo "2238"]
[Annotator "RC"]
[PlyCount "108"]
[EventDate "2024.03.09"]
[EventType "rapid"]
[EventCountry "ROU"]
[SourceTitle "playchess.com"]
[Source "ChessBase"]
[SourceQuality "1"]
[TimeControl "900+10"]

1. e4 e6 2. d4 d5 3. Nc3 Nf6 4. Bg5 Be7 5. e5 Nfd7 6. h4 h6 7. Be3 c5 8. dxc5 Nc6 9. Qg4 Kf8 10. O-O-O Bxc5 11. Bxc5+ Nxc5 12. Rh3 Nxe5 13. Qd4 Ncd7 14. f4 Nc6 15. Qd2 Nf6 16. Nf3 Bd7 17. Ne5 Rc8 18. Be2 d4 19. Nb5 Ne4 20. Nxc6 Bxc6 21. Qxd4 Qxd4 22. Rxd4 Bxb5 23. Bxb5 Nf6 24. Ra3 a6 25. Be2 Ke7 26. Rb3 Rc7 27. Bf3 b5 28. a4 Rhc8 29. c3 Rc4 30. Rxc4 Rxc4 31. axb5 axb5 32. g3 Rc5 33. Be2 Ne4 34. g4 Nd6 35. Ra3 h5 36. Ra7+ Kd8 37. Ra6 Kd7 38. Ra7+ Kd8 39. Ra8+ Ke7 40. Ra7+ Kd8 41. Kd2 Rd5+ 42. Ke3 hxg4 43. Bxg4 Nc4+ 44. Kf2 Rd7 45. Ra8+ Ke7 46. Be2 Rd2 47. Rb8 Rxb2 48. Kf3 Rc2 49. Rxb5 Rxc3+ 50. Kf2 Nd6 51. Ra5 Ne4+ 52. Ke1 Rh3 53. h5 Rh1+ 54. Bf1 Ng3 0-1

[Event "Queen Rapid Challenge 2024"]
[Site "Bucharest"]
[Date "2024.03.10"]
[Round "6.7"]
[White "Sgircea, Silvia-Raluca"]
[Black "Popa, Andra-Maria"]
[Result "1-0"]
[ECO "A11"]
[WhiteElo "2224"]
[BlackElo "1774"]
[Annotator "RC"]
[PlyCount "124"]
[EventDate "2024.03.09"]
[EventType "rapid"]
[EventCountry "ROU"]
[SourceTitle "playchess.com"]
[Source "ChessBase"]
[SourceQuality "1"]
[TimeControl "900+10"]

1. Nf3 Nf6 2. c4 c6 3. Nc3 d5 4. e3 g6 5. b3 Bg7 6. Bb2 O-O 7. Be2 Re8 8. d4 Nbd7 9. Qc2 dxc4 10. Bxc4 Nb6 11. Be2 Nfd5 12. O-O Nxc3 13. Bxc3 Bf5 14. e4 Bg4 15. Rfd1 Qc7 16. h3 Bxf3 17. Bxf3 Rad8 18. Rac1 e6 19. Bb2 Qe7 20. e5 Bh6 21. Ra1 Nd5 22. g3 Rc8 23. Qe2 Qb4 24. Qd3 a5 25. a3 Qb6 26. h4 Red8 27. h5 c5 28. hxg6 hxg6 29. Be4 Kg7 30. dxc5 Qxc5 31. Qf3 Qe7 32. Bxd5 Rxd5 33. Rxd5 exd5 34. Qxd5 Kh7 35. Rd1 Rc2 36. Bd4 b5 37. Qxb5 Qxa3 38. Qb7 Qf8 39. e6 Re2 40. exf7 Re7 41. Qb5 Rxf7 42. Qxa5 Qb8 43. b4 Bg7 44. Bc5 Rb7 45. Qa6 Rf7 46. Rd6 Qe8 47. Re6 Qd7 48. Qd6 Qxd6 49. Bxd6 Rb7 50. Bc5 Kg8 51. Kf1 Kf7 52. Re4 Bc3 53. Ke2 Rd7 54. Rc4 Bf6 55. b5 Rb7 56. b6 Bd8 57. Rb4 Ke6 58. Kd3 Kd5 59. Be3 Kc6 60. Ke4 Rf7 61. b7 Re7+ 62. Kf4 g5+ 1-0

[Event "Queen Rapid Challenge 2024"]
[Site "Bucharest"]
[Date "2024.03.10"]
[Round "6.8"]
[White "Badica, Ariana"]
[Black "Stanciu, Andreea-Briana"]
[Result "0-1"]
[ECO "B76"]
[WhiteElo "1708"]
[BlackElo "1976"]
[Annotator "RC"]
[PlyCount "58"]
[EventDate "2024.03.09"]
[EventType "rapid"]
[EventCountry "ROU"]
[SourceTitle "playchess.com"]
[Source "ChessBase"]
[SourceQuality "1"]
[TimeControl "900+10"]

1. e4 c5 2. Nf3 Nc6 3. d4 cxd4 4. Nxd4 g6 5. Nc3 Bg7 6. Be3 d6 7. Qd2 Nf6 8. f3 O-O 9. O-O-O Bd7 10. g4 h5 11. gxh5 Nxh5 12. Be2 Ne5 13. Rhg1 Rc8 14. f4 Nc4 15. Bxc4 Rxc4 16. f5 Kh7 17. Qe2 Rxc3 18. bxc3 Qa5 19. fxg6+ fxg6 20. Qg2 Rf6 21. Kd2 Be8 22. Qg5 Qxa2 23. Rdf1 Qc4 24. Rb1 e5 25. Rxb7 exd4 26. Bxd4 Bf7 27. Bxf6 Nxf6 28. Rbb1 Nxe4+ 29. Ke3 Nxg5 0-1

[Event "Queen Rapid Challenge 2024"]
[Site "Bucharest"]
[Date "2024.03.10"]
[Round "6.9"]
[White "Fileru, Maria"]
[Black "Dobre, Ana-Margareta-Alexan"]
[Result "1/2-1/2"]
[ECO "D36"]
[WhiteElo "1822"]
[BlackElo "1914"]
[Annotator "RC"]
[PlyCount "52"]
[EventDate "2024.03.09"]
[EventType "rapid"]
[EventCountry "ROU"]
[SourceTitle "playchess.com"]
[Source "ChessBase"]
[SourceQuality "1"]
[TimeControl "900+10"]

1. d4 Nf6 2. c4 e6 3. Nc3 d5 4. cxd5 exd5 5. Bg5 Be7 6. e3 O-O 7. Bd3 Re8 8. Qc2 h6 9. Bh4 c6 10. Nf3 Nbd7 11. O-O Nf8 12. Rae1 Ne4 13. Bxe7 Qxe7 14. Nd2 Nxd2 15. Qxd2 Qg5 16. f4 Qf6 17. Qf2 Bf5 18. Qc2 Bxd3 19. Qxd3 Rad8 20. b4 Nd7 21. b5 Nb6 22. bxc6 bxc6 23. a4 Nc4 24. e4 Nb2 25. Qd2 Nc4 26. Qd3 Nb2 1/2-1/2

[Event "Queen Rapid Challenge 2024"]
[Site "Bucharest"]
[Date "2024.03.10"]
[Round "6.10"]
[White "Ivanova, Elena"]
[Black "Schiopu, Oana-Magdalena"]
[Result "0-1"]
[ECO "B90"]
[WhiteElo "1560"]
[BlackElo "1850"]
[Annotator "NA RC"]
[PlyCount "150"]
[EventDate "2024.03.09"]
[EventType "rapid"]
[EventCountry "ROU"]
[SourceTitle "playchess.com"]
[Source "ChessBase"]
[SourceQuality "1"]
[TimeControl "900+10"]

1. e4 c5 2. Nf3 d6 3. d4 cxd4 4. Nxd4 Nf6 5. Nc3 a6 6. Bd3 e5 7. Nf3 Nc6 8. O-O Be7 9. Be3 Be6 10. Nd2 Ng4 11. h3 Nxe3 12. fxe3 Bg5 13. Qf3 O-O 14. Nc4 b5 15. Nd2 Rc8 16. Qe2 Nb4 17. Nf3 Be7 18. a3 Nxd3 19. cxd3 f6 20. Rae1 d5 21. d4 dxe4 22. Nxe4 Bc4 23. Qf2 Bxf1 24. Rxf1 exd4 25. Nxd4 Qd5 26. Nc3 Qd7 27. Rd1 Qb7 28. Qf5 Bc5 29. Nce2 Rfe8 30. Qf4 Qe4 31. Kf2 Bxd4 32. Qxe4 Rxe4 33. exd4 Rc2 34. Re1 Rxd4 35. Kf3 Rd3+ 36. Kg4 Rxb2 37. Nf4 Rd4 38. Kf5 g6+ 39. Kg4 g5 40. g3 gxf4 41. gxf4 Rf2 42. Re6 Rdxf4+ 43. Kg3 R4f3+ 44. Kg4 Rxa3 45. Rb6 Rg2+ 46. Kf5 Rxh3 47. Rxa6 Rh5+ 48. Kf4 Kg7 49. Kf3 Rb2 50. Kg4 Rg5+ 51. Kf4 h5 52. Ra7+ Kg6 53. Ra8 Rg4+ 54. Kf3 Rb3+ 55. Kf2 Kf5 56. Re8 Kf4 57. Ke2 Rg2+ 58. Kf1 Ra2 59. Re1 Kg3 60. Rc1 Rab2 61. Ke1 Rb1 62. Kd2 Rxc1 63. Kxc1 h4 64. Kc2 h3 65. Kxb3 h2 66. Kb4 h1=Q 67. Kc5 Qe4 68. Kd6 Qe5+ 69. Kc6 b4 70. Kb6 b3 71. Kc6 b2 72. Kb6 b1=R+ 73. Kc6 Rc1+ 74. Kb6 Qb2+ 75. Ka5 Ra1# 0-1

[Event "Queen Rapid Challenge 2024"]
[Site "Bucharest"]
[Date "2024.03.10"]
[Round "7.1"]
[White "Bulmaga, Irina"]
[Black "Ciolacu, Alessia-Mihaela"]
[Result "1-0"]
[ECO "C45"]
[WhiteElo "2429"]
[BlackElo "2175"]
[Annotator "TA"]
[PlyCount "79"]
[EventDate "2024.03.09"]
[EventType "rapid"]
[EventCountry "ROU"]
[SourceTitle "playchess.com"]
[Source "ChessBase"]
[SourceQuality "1"]
[TimeControl "900+10"]

1. e4 e5 2. Nf3 Nc6 3. d4 exd4 4. Nxd4 Nf6 5. Nxc6 bxc6 6. Nd2 d5 7. exd5 cxd5 8. Bb5+ Bd7 9. Bxd7+ {[%emt 0:00:08] The position is equal.} Qxd7 10. O-O Be7 11. b3 O-O 12. Bb2 Qf5 13. Re1 Bc5 (13... Bd6 {simplifies} 14. Nf3 Rfe8 15. Bxf6 Rxe1+ 16. Qxe1 Qxf6 17. Rd1 c6) 14. Qf3 Qxc2 15. Bxf6 Qxd2 16. Bc3 (16. Red1 {simplifies} Qxf2+ 17. Qxf2 Bxf2+ 18. Kxf2 gxf6 19. Rxd5 a5 20. Rc1) 16... Qh6 17. Qxd5 Bd6 18. Be5 {[%emt 0:01:25] Active counter play!} Rfe8 19. Bxd6 Qxd6 20. Qxd6 Rxe1+ 21. Rxe1 cxd6 $14 {[%emt 0:00:06][%mdl 4096] Endgame. KR-KR} 22. Rc1 {[%emt 0:00:31] Prevents Rc8} Kf8 23. Kf1 Ke7 24. Rc7+ Ke6 25. Ke2 a5 26. Kd3 Rb8 {[%emt 0:00:17] Wards off Rb7} 27. Kc4 Rb4+ 28. Kc3 Rh4 29. h3 Rf4 30. f3 h5 (30... Rf5 $11 {feels stronger.}) 31. a3 (31. a4 $14) 31... h4 {[%emt 0:00:29] [#]} (31... Rf5 $11) 32. Rc4 $1 $16 Rxc4+ {[%emt 0:01:27][%mdl 8192] This move loses the game for Black.} (32... Rf5 $16) 33. Kxc4 {[%emt 0:00:07] KP-KP} Ke5 {[%emt 0:00:14] [#]} 34. b4 $1 ({Worse is} 34. Kb5 Kd4 $11) 34... d5+ 35. Kc5 axb4 36. axb4 {[%emt 0:00:17][%cal Ba3b4,Bb4b5,Bb5b6][%mdl 32] White mates.} d4 37. Kc4 g5 38. b5 d3 39. Kxd3 Kd5 40. b6 {[%emt 0:00:07] Weighted Error Value: White=0.10 (very precise) /Black=0.32.  Loses game:     	---       	Black=1      Mistake:       	White=1     	Black=2      Inaccurate:     	White=3     	Black=4      OK:         	White=12    	Black=9      Best:        	White=1     	Black=1      Strong:       	White=1     	---} 1-0

[Event "Queen Rapid Challenge 2024"]
[Site "Bucharest"]
[Date "2024.03.10"]
[Round "7.2"]
[White "Cosma, Elena-Luminita"]
[Black "Obada, Ema"]
[Result "1-0"]
[ECO "D02"]
[WhiteElo "2238"]
[BlackElo "1976"]
[Annotator "TA"]
[PlyCount "59"]
[EventDate "2024.03.09"]
[EventType "rapid"]
[EventCountry "ROU"]
[SourceTitle "playchess.com"]
[Source "ChessBase"]
[SourceQuality "1"]
[TimeControl "900+10"]

1. Nf3 Nf6 2. g3 e6 3. Bg2 d5 4. O-O c5 5. d4 cxd4 6. b3 (6. Nxd4 $14 {deserves consideration.} e5 7. Nb5) 6... Be7 7. Bb2 O-O 8. Nxd4 {[%emt 0:00:11] The position is equal.} Nbd7 9. Nd2 e5 10. Nf5 Bc5 11. e4 $1 dxe4 12. Ne3 (12. Nxe4 Nxe4 13. Bxe4 Nf6 $15) (12. Re1 $14) 12... Bxe3 (12... Bd4 $1 $15 13. Ba3 Nc5 (13... Bxa1 14. Qxa1 Re8 15. Ndc4 $11)) 13. fxe3 $14 Qb6 (13... Nc5 $14) 14. Nc4 $1 $16 Qe6 15. Qd6 Qxd6 16. Nxd6 Rd8 17. Rad1 {[%emt 0:02:14] White has more active pieces.} ({Stronger than} 17. Bxe4 Nc5 18. Nxc8 Ncxe4 (18... Nfxe4 19. Ne7+ Kf8 20. Nf5 $17) 19. Ne7+ Kf8 $19) (17. Nxe4 Nxe4 18. Bxe4 Nc5 $16) 17... Nf8 18. Bxe5 {[%emt 0:00:55] This pair of bishops is nice.} (18. Nxe4 $18 Rxd1 19. Rxd1 Nxe4 20. Bxe4) 18... Ng4 19. Bf4 $36 {[%emt 0:00:28][%mdl 2048] White has strong initiative.} (19. Nxf7 $2 {too greedy.} Rxd1 20. Rxd1 Nxe3 $19 (20... Kxf7 21. Rf1+ Ke8 22. Bxg7 $17)) 19... f5 {[%emt 0:00:16] Black cannot hold the game after this.} (19... Ng6 $16) 20. Bg5 $18 Rd7 21. Nxf5 Rxd1 22. Ne7+ Kh8 {[%emt 0:00:06] [#] ...Rxf1+ is the strong threat.} 23. Rxd1 {[%emt 0:00:07][%cal Od1d8] aiming for Rd8!} Be6 24. Bxe4 h6 25. Bf4 ({Resist} 25. Bxb7 Rb8) 25... g5 (25... Re8 {was called for.}) 26. Bc7 Re8 27. Bd6 Nd7 28. Bxb7 {[%emt 0:00:56] White is clearly winning.} Nxe3 (28... Nge5 $142 29. Bg2 Kg7) 29. Re1 Nxc2 30. Rxe6 {[%emt 0:00:10] Weighted Error Value: White=0.19 (very precise) /Black=0.37.  Mistake:       	White=2     	Black=5      Inaccurate:     	---       	Black=2      OK:         	White=11    	Black=2      Best:        	White=3     	Black=3      Strong:       	White=2     	---} 1-0

[Event "Queen Rapid Challenge 2024"]
[Site "Bucharest"]
[Date "2024.03.10"]
[Round "7.3"]
[White "Pirvulescu, Ekaterina"]
[Black "Raeva, Elitsa"]
[Result "0-1"]
[ECO "B42"]
[WhiteElo "2091"]
[BlackElo "2185"]
[Annotator "RC"]
[PlyCount "60"]
[EventDate "2024.03.09"]
[EventType "rapid"]
[EventCountry "ROU"]
[SourceTitle "playchess.com"]
[Source "ChessBase"]
[SourceQuality "1"]
[TimeControl "900+10"]

1. e4 c5 2. Nf3 a6 3. c4 e6 4. d4 cxd4 5. Nxd4 Nf6 6. Bd3 Qc7 7. Qe2 d6 8. O-O Be7 9. Nc3 O-O 10. f4 Nbd7 11. Kh1 Re8 12. Bd2 Bf8 13. Rae1 e5 14. fxe5 Nxe5 15. Rxf6 gxf6 16. Nd5 Qd8 17. Rf1 Bg7 18. Bb1 Bg4 19. Qf2 Kh8 20. b3 Rc8 21. h3 Be6 22. Nf4 Qe7 23. Nh5 Rg8 24. Qh4 Rc5 25. Bb4 Ng6 26. Qg3 Rxh5 27. Bxd6 Qd7 28. c5 Bxh3 29. Kg1 Rg5 30. Qf3 Bxg2 0-1

[Event "Queen Rapid Challenge 2024"]
[Site "Bucharest"]
[Date "2024.03.10"]
[Round "7.4"]
[White "Schiopu, Oana-Magdalena"]
[Black "Sgircea, Silvia-Raluca"]
[Result "0-1"]
[ECO "B23"]
[WhiteElo "1850"]
[BlackElo "2224"]
[Annotator "RC"]
[PlyCount "78"]
[EventDate "2024.03.09"]
[EventType "rapid"]
[EventCountry "ROU"]
[SourceTitle "playchess.com"]
[Source "ChessBase"]
[SourceQuality "1"]
[TimeControl "900+10"]

1. e4 c5 2. Nc3 g6 3. f4 Bg7 4. Nf3 Nc6 5. Bc4 e6 6. e5 d5 7. exd6 Qxd6 8. d3 Nf6 9. O-O O-O 10. Be3 b6 11. Rb1 Bb7 12. Ne4 Qc7 13. Nfg5 Nd5 14. Bd2 h6 15. Nh3 Nce7 16. Ng3 Qc6 17. Qe2 b5 18. Bxd5 Qxd5 19. Bc3 Rac8 20. Bxg7 Kxg7 21. Qe5+ Qxe5 22. fxe5 Nc6 23. Rbe1 Nb4 24. Rf2 c4 25. a3 Na6 26. d4 c3 27. b4 Rc4 28. Ne2 Nc7 29. Nhf4 a5 30. Nd3 axb4 31. axb4 Be4 32. Rc1 Nd5 33. g4 Bxd3 34. cxd3 Rc7 35. Ng3 Nxb4 36. Rf3 c2 37. Kf1 Na2 38. Ne2 Nxc1 39. Nxc1 b4 0-1

[Event "Queen Rapid Challenge 2024"]
[Site "Bucharest"]
[Date "2024.03.10"]
[Round "7.5"]
[White "Hoanca, Alexia-Ioana"]
[Black "Iordache, Alexia-Andreea"]
[Result "1-0"]
[ECO "B67"]
[WhiteElo "1849"]
[BlackElo "1866"]
[Annotator "NA RC"]
[PlyCount "59"]
[EventDate "2024.03.09"]
[EventType "rapid"]
[EventCountry "ROU"]
[SourceTitle "playchess.com"]
[Source "ChessBase"]
[SourceQuality "1"]
[TimeControl "900+10"]

1. e4 c5 2. Nf3 d6 3. d4 cxd4 4. Nxd4 Nf6 5. Nc3 Nc6 6. Bg5 e6 7. Qd2 a6 8. O-O-O Bd7 9. Kb1 h6 {[%emt 0:00:43] 9...Nxd4 ist die kritische Fortsetzung.} 10. Bh4 Be7 {[%emt 0:00:44] B67: Sizilianisch (Richter/Rauser-Angriff).} 11. f4 g5 12. fxg5 Ng4 13. Be2 hxg5 14. Bg3 Nge5 15. Nxc6 Bxc6 16. Qe3 Qc7 17. Bxe5 $146 ({Predecessor:} 17. Rhf1 Bd7 18. Rd4 Qc5 19. Qd2 b5 20. Nd1 Rd8 21. Ne3 Bc6 22. c4 Qb6 23. Rc1 {0-1 Carlsen,M (2553)-Nijboer,F (2549) Corus-B Wijk aan Zee 2005 (13)}) 17... dxe5 18. Qf2 b5 19. Rhf1 f6 20. Bg4 b4 (20... Rxh2 $2 {loses.} 21. Bxe6 Rh6 22. Rh1 (22. Nd5 Bxd5 23. exd5 Qc5 $18) 22... Rxh1 23. Rxh1 $18) (20... Kf7 $1 $14) 21. Nd5 exd5 22. exd5 Bb5 23. d6 Qa7 24. Qf5 Bxf1 25. Qg6+ Kf8 26. d7 Bc4 27. Rf1 $19 Bxf1 28. Be6 Rh7 29. Qxh7 Bd3 30. Qf7# 1-0

[Event "Queen Rapid Challenge 2024"]
[Site "Bucharest"]
[Date "2024.03.10"]
[Round "7.6"]
[White "Maria, Lia-Alexandra"]
[Black "Batagan, Ilinca-Petra"]
[Result "1-0"]
[ECO "A16"]
[WhiteElo "1996"]
[BlackElo "1915"]
[Annotator "RC"]
[PlyCount "107"]
[EventDate "2024.03.09"]
[EventType "rapid"]
[EventCountry "ROU"]
[SourceTitle "playchess.com"]
[Source "ChessBase"]
[SourceQuality "1"]
[TimeControl "900+10"]

1. c4 Nf6 2. Nf3 g6 3. Nc3 d5 4. cxd5 Nxd5 5. e4 Nxc3 6. bxc3 Bg7 7. Bb5+ c6 8. Bc4 O-O 9. h3 c5 10. O-O Nc6 11. Bd5 Qc7 12. d4 e6 13. Bb3 b6 14. Be3 Ba6 15. Re1 Rad8 16. Qc2 c4 17. Ba4 b5 18. Rad1 Qa5 19. Bb3 cxb3 20. axb3 Qc7 21. Qa2 Bb7 22. c4 bxc4 23. bxc4 a5 24. d5 Nb4 25. Qb3 exd5 26. exd5 Ba6 27. c5 Nd3 28. Rxd3 Bxd3 29. Qxd3 Qb7 30. d6 Rfe8 31. Rb1 Qc6 32. Rb6 Qa4 33. Bg5 Rd7 34. c6 Qa1+ 35. Rb1 Rxd6 36. Qc2 Rxc6 37. Qxc6 Qxb1+ 38. Kh2 Qe4 39. Qb6 Be5+ 40. Nxe5 Qxe5+ 41. f4 Qd5 42. Bh6 Qf5 43. Qb2 f6 44. Qb7 Qxf4+ 45. Bxf4 g5 46. Bd6 Re6 47. Qd7 Re4 48. Qd8+ Kf7 49. Qxa5 Ke6 50. Qb6 Kf5 51. Qc5+ Kg6 52. Qc2 Kf5 53. g4+ Ke6 54. Qxe4+ 1-0

[Event "Queen Rapid Challenge 2024"]
[Site "Bucharest"]
[Date "2024.03.10"]
[Round "7.7"]
[White "Stanciu, Andreea-Briana"]
[Black "Mihalea, Maria-Ioana"]
[Result "1-0"]
[ECO "D02"]
[WhiteElo "1976"]
[BlackElo "1712"]
[Annotator "RC"]
[PlyCount "155"]
[EventDate "2024.03.09"]
[EventType "rapid"]
[EventCountry "ROU"]
[SourceTitle "playchess.com"]
[Source "ChessBase"]
[SourceQuality "1"]
[TimeControl "900+10"]

1. d4 Nf6 2. Nf3 d5 3. Bf4 c6 4. e3 Qb6 5. b3 Bg4 6. h3 Bf5 7. Bd3 e6 8. O-O Nbd7 9. c4 Bb4 10. a3 Be7 11. c5 Qd8 12. b4 Ne4 13. Bxe4 Bxe4 14. Nc3 Bg6 15. a4 Nf6 16. Ne5 Nd7 17. Nxg6 hxg6 18. e4 g5 19. Bh2 Nf6 20. f3 Qd7 21. b5 Rd8 22. Be5 O-O 23. Qc2 b6 24. exd5 Nxd5 25. Nxd5 cxd5 26. c6 Qc8 27. a5 Bd6 28. Bxd6 Rxd6 29. axb6 axb6 30. Ra7 e5 31. dxe5 Re6 32. Qf5 Rxc6 33. Qxg5 Rc5 34. Rfa1 Rxb5 35. Qe7 Qc5+ 36. Qxc5 bxc5 37. Rd7 d4 38. Raa7 Rb6 39. f4 c4 40. Rac7 c3 41. Rxd4 Rb1+ 42. Kh2 Rc1 43. Rdc4 Rf1 44. Kg3 Ra1 45. Rxc3 Ra4 46. Rc8 Ra8 47. Rxf8+ Kxf8 48. Kf3 Ra1 49. g4 Rh1 50. Ke4 Re1+ 51. Re3 Rg1 52. f5 Ke7 53. Ra3 Re1+ 54. Kf4 Rf1+ 55. Kg3 Re1 56. Ra7+ Kf8 57. Ra8+ Ke7 58. Ra7+ Kf8 59. Ra5 Re3+ 60. Kg2 Re2+ 61. Kf3 Rb2 62. f6 Rb3+ 63. Kf4 Rb4+ 64. Kg5 Kg8 65. h4 Rb6 66. h5 Kh7 67. fxg7 Kxg7 68. Kf5 Kh7 69. g5 Kg7 70. Ra7 Rb1 71. h6+ Kg8 72. h7+ Kh8 73. Rxf7 Rf1+ 74. Ke6 Rg1 75. Rf5 Kxh7 76. Kf7 Kh8 77. g6 Rg3 78. Rh5# 1-0

[Event "Queen Rapid Challenge 2024"]
[Site "Bucharest"]
[Date "2024.03.10"]
[Round "7.8"]
[White "Dobre, Ana-Margareta-Alexan"]
[Black "Sandu, Mihaela"]
[Result "0-1"]
[ECO "C25"]
[WhiteElo "1914"]
[BlackElo "2270"]
[Annotator "TA"]
[PlyCount "52"]
[EventDate "2024.03.09"]
[EventType "rapid"]
[EventCountry "ROU"]
[SourceTitle "playchess.com"]
[Source "ChessBase"]
[SourceQuality "1"]
[TimeControl "900+10"]

1. e4 e5 2. Bc4 Nc6 3. Nc3 Bc5 4. Qg4 g6 5. Qf3 Nf6 6. d3 (6. Nge2 $11) 6... Nd4 $15 7. Qg3 {[%emt 0:01:09][%mdl 8192] [#]} (7. Qd1 $15) 7... O-O $2 ({Black should try} 7... Nxc2+ $19 8. Kd1 Nxa1 9. Qxe5+ Qe7) 8. Nf3 $2 (8. Bb3 $11 {and White is okay.}) 8... Nh5 9. Qxe5 d6 10. Qg5 Nxc2+ 11. Kd1 (11. Ke2 $142) 11... Qxg5 12. Nxg5 {[%emt 0:00:37] [#]} (12. Bxg5 {was the only chance.} Nxa1 13. Kd2) 12... Nxa1 $19 13. Nd5 c6 (13... Bxf2 $2 14. Ne7+ Kg7 15. Nxc8 $19) 14. Ne7+ Kg7 15. Bd2 Bd4 (15... Bxf2 $2 16. Bc3+ f6 (16... Nf6 17. Rf1 $11) 17. Nxc8 Rfxc8 (17... Raxc8 18. Ne6+ Kf7 19. Nxf8+ Kxf8 20. Ke2 $17) 18. Ne6+ Kg8 19. a4 $17) 16. Ke2 Bxb2 {[%emt 0:00:58][%cal Od6d5] Strongly threatening ...d5!} 17. Rb1 Bf6 18. Nxc8 b5 ({Not} 18... Rfxc8 19. Rxb7 Bxg5 20. Bxg5 $19) 19. Nxd6 bxc4 20. Rb7 cxd3+ 21. Kf3 (21. Kxd3 $142 Bxg5 22. Bxg5) 21... Bxg5 {[%emt 0:00:12] Black is clearly winning.} 22. Bxg5 Rab8 23. Rxa7 Nc2 24. g4 Nf6 25. e5 Nd5 {[%emt 0:00:09] And now ...Ra8 would win.} 26. e6 Nd4+ {[%emt 0:00:07] Weighted Error Value: White=1.03/Black=0.43.  Loses game:     	White=2     	---        Missed win:     	---       	Black=1      Mistake:       	White=3     	---        Inaccurate:     	White=1     	---        OK:         	White=5     	Black=5      Best:        	White=1     	Black=2} 0-1